 Dungeon Crawl Stone Soup version 0.30.1-3-gfc49f6343a (webtiles) character file.

Game seed: 17299019389553251110

583 Peloso the Covered (level 7, -4/61 HPs)
             Began as a Minotaur Fighter on Aug 5, 2023.
             Killed by divine providence
             ... invoked by an orc priest
              (15 damage)
             ... on level 5 of the Dungeon.
             The game lasted 00:10:04 (3699 turns).

Peloso the Covered (Minotaur Fighter)               Turns: 3699, Time: 00:10:05

Health: -4/61      AC: 13    Str: 21    XL:     7   Next: 14%
Magic:  6/6        EV:  8    Int:  5    God:
Gold:   137        SH:  0    Dex: 11    Spells: 6/6 levels left

rFire   . . .        a - +0 long sword
rCold   . . .        d - +0 buckler
rNeg    . . .        c - +0 chain mail
rPois   .            r - +2 hat
rElec   .            (no cloak)
rCorr   .            v - +0 pair of gloves
SInv    .            (no boots)
Will    .....        (no amulet) Stlth
                     (no ring)
HPRegen 0.30/turn    (no ring)
MPRegen 0.10/turn

%: no passive effects
@: confused, mighty
A: horns 2, retaliatory headbutt
a: no special abilities


You were on level 5 of the Dungeon.
You visited 1 branch of the dungeon, and saw 5 of its levels.

You collected 251 gold pieces.
You spent 114 gold pieces at shops.

Inventory:

Hand Weapons
 a - a +0 long sword (weapon)
Missiles
 h - a throwing net (quivered)
Armour
 b - a +0 scale mail
 c - a +0 chain mail (worn)
 d - a +0 buckler (worn)
 r - a +2 hat (worn)
 v - a +0 pair of gloves (worn)
Jewellery
 i - a +6 ring of intelligence
Scrolls
 e - a scroll of brand weapon {unknown}
 f - 2 scrolls of teleportation
 g - a scroll of enchant armour {unknown}
 j - 3 scrolls of identify
 k - a scroll of fear {unknown}
 m - a scroll of vulnerability {unknown}
 n - 2 scrolls of fog {unknown}
 o - a scroll of amnesia {unknown}
 s - a scroll of acquirement {unknown}
 u - a scroll of magic mapping {unknown}
 w - a scroll of enchant weapon
 y - a scroll of butterflies {unknown}
Potions
 l - 2 potions of brilliance
 q - a potion of resistance
 t - 2 potions of flight
 x - 2 potions of attraction {unknown}
 z - a potion of might


   Skills:
 + Level 5.0 Fighting
 + Level 5.7 Long Blades
 + Level 6.5 Armour
 + Level 1.7 Dodging
 + Level 0.5 Stealth
 + Level 4.5 Shields


You had 6 spell levels left.
You didn't know any spells.
Your spell library contained the following spells:

 Spells                   Type           Power      Damage    Failure   Level
 Shock                    Conj/Air       0%         1d3       99%         1
 Ozocubu's Armour         Ice            0%         N/A       100%        3
 Swiftness                Air            0%         N/A       100%        3
 Airstrike                Air            0%         2d(0-16)  100%        4
 Ozocubu's Refrigeration  Ice            0%         4d7       100%        7


Dungeon Overview and Level Annotations

Branches:
Dungeon (5/15)
 Temple: D:4-7

Altars:
Elyvilon

Shops:
D:3 *


Innate Abilities, Weirdness & Mutations

You have a pair of horns on your head.
You reflexively headbutt those who attack you in melee.


Message History

The orc priest casts a cantrip, but nothing happens.
Unknown command.
You miss something. The orc hits you but does no damage.
Something hits you but does no damage.
The orc throws a boomerang.
The boomerang hits you.
Unknown command.
You feel very mighty all of a sudden. The orc hits you but does no damage.
You hear some strange, mumbled words.
Something tries to affect you, but you resist.
Unknown command.
You closely miss something. Your headbutt misses something.
The orc hits you but does no damage.
You hear some strange, mumbled words.
You are confused.
The orc hits you but does no damage.
Unknown command.
You're too confused to move!
The orc hits you with a +0 hand axe.
You hear some strange, mumbled words.
You are more confused.
The orc completely misses you.
Unknown command.
You bump into the rock wall.
The orc hits you with a +0 hand axe. Something hits you but does no damage.
The orc hits you but does no damage.
Unknown command.
Unknown command.
You barely miss the orc. Your headbutt misses the orc.
The orc priest looks braver for a moment.
The orc hits you but does no damage.
Unknown command.
You're too confused to move!
The orc hits you but does no damage.
You closely miss the orc. The orc barely misses you.
The orc priest invokes the aid of Beogh against you.
Beogh smites you!
* * * LOW HITPOINT WARNING * * *
You closely miss the orc. Your headbutt misses the orc.
The orc hits you but does no damage. Something hits you but does no damage.
The orc priest calls down the wrath of Beogh upon you.
Beogh smites you!
You die...

.......###....###..##
###.....## .......#
##....#..## ### ..#
.......# #......##
... ##.....# #......#
.... ##.....#
##....## ....
#.....####...##
#............##
.............##
..#####......@## .
#......o{### ...
#..######ooo###...>.
### ####).......
##....... #......
...... ....o .....


You could see an orc priest and 3 orcs.

Vanquished Creatures
  2 scorpions
  3 hounds
  4 orc priests
  A sleepcap (D:3)
  An orc wizard (D:4)
  4 gnolls
  4 adders
  2 ufetubi
  3 worms
  2 dart slugs (D:1)
  14 orcs
  5 ball pythons
  2 bats
  6 endoplasms
  3 giant cockroaches (D:2)
  17 goblins
  3 hobgoblins
  4 jackals (D:4)
  2 quokkas
  2 frilled lizards (D:1)
  11 kobolds
  6 rats
101 creatures vanquished.

Notes
Turn   | Place    | Note
-------+----------+-------------------------------------------
     0 | D:1      | Peloso the Minotaur Fighter began the quest for the Orb.
     0 | D:1      | Reached XP level 1. HP: 19/19 MP: 0/0
   176 | D:1      | Reached XP level 2. HP: 27/27 MP: 1/1
   234 | D:1      | Reached skill level 4 in Armour
   597 | D:1      | Found a faded altar of an unknown god.
   647 | D:1      | Reached XP level 3. HP: 33/33 MP: 2/2
   981 | D:2      | Identified the +10 whip of Uncomfortable Rashes {flame,
                  | rPois}
  1000 | D:2      | Found a white marble altar of Elyvilon.
  1034 | D:2      | Reached XP level 4. HP: 39/40 MP: 3/3
  1420 | D:3      | Found Disakh's Assorted Antiques.
  1773 | D:3      | Reached skill level 5 in Armour
  2166 | D:3      | Bought a scroll labelled ROAGO MAP SYU for 30 gold pieces
  2166 | D:3      | Bought a scroll labelled JUT WUTTEZ for 30 gold pieces
  2166 | D:3      | Bought a murky brown potion for 27 gold pieces
  2166 | D:3      | Bought a sapphire potion for 27 gold pieces
  2178 | D:4      | Noticed a scorpion
  2191 | D:3      | Reached XP level 5. HP: 15/46 MP: 4/4
  2490 | D:4      | Reached XP level 6. HP: 9/53 MP: 5/5
  2658 | D:4      | Reached skill level 5 in Long Blades
  2747 | D:4      | Identified the +9 mace "Rameecuh" {heavy, Fragile rElec rF+
                  | Int+3 SInv}
  2803 | D:4      | Reached skill level 1 in Dodging
  3006 | D:4      | Reached skill level 6 in Armour
  3125 | D:4      | Reached skill level 5 in Fighting
  3125 | D:4      | Reached XP level 7. HP: 61/61 MP: 6/6
  3260 | D:5      | Entered Level 5 of the Dungeon
  3699 | D:5      | Killed from afar by an orc priest

Illustrated notes

Levels and vault maps discovered:
D:1:      lightli_arrival_windingriver, layout_basic,
          chequers_ecumenical_altar_grove
D:2:      layout_rooms, basic_altar
D:3:      layout_basic, serial_shops, shop
D:4:      layout_basic
D:5:      layout_layer_cave

Skill      XL: |  1  2  3  4  5  6 |
---------------+-------------------+-----
Armour         | 4 5 6 |  6.5
Shields        | 4 |  4.5
Fighting       | 4 5 |  5.0
Long Blades    | 3 4 5 |  5.7
Dodging        | 1 |  1.7
Stealth        | |  0.5

Action                     |  1- 3 |  4- 6 |  7- 9 || total
---------------------------+-------+-------+-------++-------
  Melee: Long sword        |    91 |   140 |    46 ||   277
         Headbutt          |    14 |    27 |     8 ||    49
    Use: Potion            |     2 |     4 |     2 ||     8
         Scroll            |     1 |     3 |     1 ||     5
 Armour: Scale mail        |    54 |    65 |     4 ||   123
         Chain mail        |       |       |    45 ||    45
  Dodge: Dodged            |    41 |    58 |    15 ||   114
  Block: Buckler           |    23 |    26 |    10 ||    59
